 Dungeon Crawl Stone Soup version 0.17-a0-1479-g4041c36 (webtiles) character file.

90361 Fizybubbleh the Devastator (level 15, -2/128 HPs)
             Began as a Mottled Draconian Conjurer on July 3, 2015.
             Was the Champion of Vehumet.
             Slain by an Executioner (21 damage)
             ... on level 4 of the Abyss.
             The game lasted 04:13:09 (44344 turns).

Fizybubbleh the Devastator (DrCj)                  Turns: 44344, Time: 04:13:09

Health: -2/128     AC: 13    Str: 20      XL:     15   Next: 52%
Magic:  30/30      EV: 18    Int: 22 (25) God:    Vehumet [******]
Gold:   187        SH:  0    Dex: 15      Spells: 9 memorised, 2 levels left

rFire  + . .     SeeInvis +     k - +9 great sword of Dujirr {venom, rPois Int+4}
rCold  + . .     Clarity  +     (armour unavailable)
rNeg   . . .     SustAt   .     (no shield)
rPois  +         Gourm    .     (helmet restricted)
rElec  .         Spirit   .     H - +0 cloak
rCorr  .         Warding  .     U - +0 pair of gloves "Adawo" {*Confuse rC++ SInv}
rMut   .         Stasis   .     T - +1 pair of boots {run}
MR     +++..                    m - amulet "Untiobuq" {Clar MR+ Dex+4}
Stlth  +++.......               y - ring of wizardry
                                w - ring "Neareweu" {Fire *Contam +Blink MR+ Str+8}

@: about to teleport, quick, extremely resistant to hostile enchantments, fairly
stealthy
A: breathe sticky flame splash, unfitting armour, stinger 1, berserk 1,
deterioration 1, cold-blooded, AC +9
a: Breathe Sticky Flame, Renounce Religion, Evoke Blink


You were on level 4 of the Abyss.
You worshipped Vehumet.
Vehumet was exalted by your worship.
You were not hungry.

You visited 4 branches of the dungeon, and saw 27 of its levels.
You visited the Abyss 1 time.
You also visited: Labyrinth and Ossuary.

You collected 2859 gold pieces.
You spent 2672 gold pieces at shops.

Inventory:

Hand weapons
 k - the +9 great sword of Dujirr (weapon) {venom, rPois Int+4}
   (You found it on level 8 of the Lair of Beasts)

   It poisons the flesh of those it strikes.
   It affects your intelligence (+4).
   It protects you from poison.
 R - a +0 blowgun
Missiles
 Y - 3 curare-tipped needles
Armour
 H - a +0 cloak (worn)
 T - a +1 pair of boots of running (worn)
 U - the +0 pair of gloves "Adawo" (worn) {*Confuse rC++ SInv}
   (You bought it in a shop on level 4 of the Orcish Mines)

   It greatly protects you from cold.
   It lets you see invisible.
   It may confuse you when you take damage.
Magical staves
 q - an uncursed staff of death
Jewellery
 i - an uncursed amulet of stasis
 m - the amulet "Untiobuq" (around neck) {Clar MR+ Dex+4}
   (You bought it in a shop on level 4 of the Orcish Mines)

   [amulet of clarity]

   It provides mental clarity.
   It affects your dexterity (+4).
   It affects your resistance to hostile enchantments.
 v - a +2 ring of protection
 w - the ring "Neareweu" (left hand) {Fire *Contam +Blink MR+ Str+8}
   (You bought it in a shop on level 4 of the Orcish Mines)

   [ring of fire]

   It enhances your fire magic, and weakens your ice magic.
   It affects your strength (+8).
   It protects you from fire.
   It makes you vulnerable to cold.
   It affects your resistance to hostile enchantments.
   It lets you blink.
   It causes magical contamination when unequipped.
 y - a ring of wizardry (right hand)
 B - the macabre finger necklace {Ward rN+}
   (You took it off a minotaur in a labyrinth)

   [amulet of warding]

   It may prevent the melee attacks of summoned creatures.
   It protects you from negative energy.
 D - the amulet of the Lobster {Gourm Slay+6}
   (You found it on level 5 of the Dungeon)

   [amulet of the gourmand]

   It allows you to eat raw meat even when not hungry.
   It affects your accuracy and damage with ranged weapons and melee attacks
   (+6).
 F - an uncursed ring of fire
 P - an uncursed amulet of guardian spirit
Magical devices
 g - a wand of paralysis (4)
 I - a wand of teleportation (2)
 K - a wand of teleportation (0)
 Q - a wand of fire (4)
 W - a wand of cold (6)
 X - a wand of digging (3)
Scrolls
 c - 6 scrolls of amnesia
 f - 4 scrolls of teleportation
 l - 4 scrolls of enchant weapon
 o - 5 scrolls of fog
 x - 2 scrolls of recharging
 z - 6 scrolls of remove curse
 A - a scroll of fear
Potions
 e - 3 potions of cancellation
 n - 6 potions of lignification
 p - 9 potions of flight
 s - 2 potions of cure mutation
 t - 2 potions of berserk rage {unknown}
 u - 2 potions of brilliance
 C - 2 potions of beneficial mutation
 G - 2 potions of resistance
 L - a potion of ambrosia
 M - a potion of agility
 O - 4 potions of might
 V - a potion of magic
Books
 a - a book of Conjurations

   Spells                             Type                      Level
   a - Magic Dart                     Conjuration                  1
   b - Searing Ray                    Conjuration                  2
   c - Dazzling Spray                 Conjuration/Hexes            3
   d - Fulminant Prism                Conjuration/Hexes            4
   e - Iskenderun's Mystic Blast      Conjuration                  4
   f - Iskenderun's Battlesphere      Conjuration/Charms           5
 j - a book of Debilitation

   Spells                             Type                      Level
   a - Corona                         Hexes                        1
   b - Slow                           Hexes                        2
   c - Gell's Gravitas                Hexes/Translocation          3
   d - Inner Flame                    Hexes/Fire                   3
   e - Cause Fear                     Hexes                        4
   f - Leda's Liquefaction            Hexes/Earth                  4
 r - a book of Maledictions

   Spells                             Type                      Level
   a - Corona                         Hexes                        1
   b - Ensorcelled Hibernation        Hexes/Ice                    2
   c - Confuse                        Hexes                        3
   d - Tukima's Dance                 Hexes                        3
   e - Dazzling Spray                 Conjuration/Hexes            3
 S - a Young Poisoner's Handbook

   Spells                             Type                      Level
   a - Sting                          Conjuration/Poison           1
   b - Cure Poison                    Poison                       2
   c - Mephitic Cloud                 Conjuration/Poison/Air       3
   d - Olgreb's Toxic Radiance        Poison                       4
   e - Venom Bolt                     Conjuration/Poison           5
Comestibles
 b - 10 bread rations
 d - 2 beef jerkies
 h - 21 royal jellies
 Z - a slice of pizza


   Skills:
 - Level 10.5 Fighting
 + Level 9.9 Dodging
 - Level 6.0 Stealth
 - Level 11.1 Spellcasting
 - Level 17.3 Conjurations
 - Level 7.0 Charms
 - Level 6.0 Fire Magic
 - Level 4.0 Earth Magic


You had 2 spell levels left.
You knew the following spells:

 Your Spells              Type           Power        Failure   Level  Hunger
a - Magic Dart            Conj           ####         0%          1    None
b - Dazzling Spray        Conj/Hex       ######..     1%          3    None
c - Iskenderun's Battles  Conj/Chrm      ######..     1%          5    ####...
d - Iskenderun's Mystic   Conj           ######..     1%          4    #......
e - Flame Tongue          Conj/Fire      #####        1%          1    None
f - Conjure Flame         Conj/Fire      #######.     1%          3    None
g - Fireball              Conj/Fire      #######...   1%          5    ####...
h - Iron Shot             Conj/Erth      ######....   1%          6    ######.
i - Poison Arrow          Conj/Pois      ######....   3%          6    ######.


Dungeon Overview and Level Annotations

Branches:
Dungeon (14/15) Temple (1/1) D:6 Lair (8/8) D:9 Shoals (0/4) Lair:5 Snake (0/4) Lair:3 Slime (0/6) Lair:6 Orc (4/4) D:11 Elf (0/3) Orc:3 Vaults (0/5) D:13 D:14

Altars:
Cheibriados
Dithmenos
Elyvilon
Fedhas
Gozag
Kikubaaqudgha
Makhleb
Ru
Sif Muna
Vehumet
Xom
Zin
The Shining One
Beogh

Shops:
D:7 !   Orc:4 *[=(

Annotations:
D:8 Erolcha
D:13 exclusion: downstairs, Donald
D:14 exclusion: 2 upstairs, Frances
Lair:3 1 exclusion
Lair:5 exclusions: death yak and 2 more exclusions
Lair:7 exclusion: 2 downstairs
Lair:8 1 exclusion


Innate Abilities, Weirdness & Mutations

You can spit globs of burning liquid.
You can ignite nearby creatures when you spit burning liquid.
Your weird mottled scales are hard (AC +9).
Your body does not fit into most forms of armour.
You are cold-blooded and may be slowed by cold attacks.
Your tail ends in a poisonous barb.
[You tend to lose your temper in combat.]
[Your body sometimes deteriorates upon taking damage.]


Message History

You feel yourself wasting away.
You feel a little pissed off.
An Executioner and 2 thrashing horrors come into view.
The Executioner gestures.
The Executioner seems to speed up.
An apocalypse crab comes into view.
The thrashing horror moves out of view.
The large abomination misses you. The Executioner hits you.
* * * LOW HITPOINT WARNING * * *
The Executioner hits you!
* * * LOW HITPOINT WARNING * * *
The Executioner hits you.
* * * LOW HITPOINT WARNING * * *
You take 15 damage, and have 19/128 hp.
Read which item? (? for menu, Esc to quit)
Okay, then.
Drink which item? (? for menu, Esc to quit)
It was a potion of beneficial mutation.
A poisonous barb forms on the end of your tail.
You feel fantastic! The Executioner hits you!!
You die...

..#... ........ .
... .. . ... .
...# .. #. . .
...##.*#.####..# #
#... ##*##..##..##
.. #..... #...#
##. #...... ...#
##.. ####.#...# .#
#.#..#./##...#...#
#......@1X#..#.##
#.##...§#..### #
.#
...............§.§
.
.................X
..
#>....#.....#.....
##...###...###...#
#.... ..... ....
..... ..t.... ...
..t..... ..


You could see an Executioner, an apocalypse crab (wandering) and a large
abomination.

Vanquished Creatures
  Rupert (D:13)
  An orc warlord (Orc:4)
  Maud (D:13)
  Snorg (Lair:8)
  A minotaur (Lab)
  Josephine (D:13)
  Harold (Orc:3)
  2 centaur warriors
  4 hydras
  4 death yaks (Lair:8)
  4 orc high priests (Orc:4)
  A thrashing horror (Abyss:4)
  2 hell hogs (Abyss:4)
  3 unseen horrors
  A fire crab (Lair:7)
  4 orc knights
  Pikel (D:8)
  3 hill giants
  3 cyclopes
  2 ugly things
  9 elephants
  5 orc sorcerers (Orc:4)
  A sixfirhy (Abyss:4)
  3 griffons
  2 manticores (D:13)
  3 slime creatures (D:13)
  4 black mambas
  Maurice (D:8)
  2 centaur zombies
  27 spiny frogs
  5 komodo dragons
  A kobold demonologist (D:12)
  2 fire drakes
  A queen bee (Lair:4)
  A polar bear (Lair:7)
  4 giant leeches
  Prince Ribbit (D:7)
  4 two-headed ogres
  6 trolls
  A boulder beetle (Lair:8)
  17 blink frogs
  6 wraiths
  3 small abominations (Abyss:4)
  A spriggan (Lair:7)
  4 wyverns
  2 water elementals (D:13)
  A trapdoor spider (Lab)
  3 hungry ghosts
  7 basilisks
  A shadow (D:13)
  35 yaks
  9 humans
  10 wolves
  6 hippogriffs
  8 vampire mosquitoes (Lair:8)
  4 wargs
  42 orc warriors
  A mottled dragon (D:13)
  8 sky beasts
  A slave (D:8)
  3 black bears
  22 water moccasins
  19 ogres
  A necrophage (D:6)
  10 porcupines
  A wasp (D:11)
  An eye of draining (D:11)
  9 centaurs
  2 phantoms
  4 ice beasts
  13 crocodiles
  2 big kobolds
  2 gnoll sergeants
  34 giant frogs
  5 scorpions
  A wyvern skeleton (D:7)
  8 wights (D:12)
  6 electric eels
  51 killer bees
  2 giant frog zombies
  7 crimson imps
  42 orc priests
  8 hounds
  A gnoll shaman (D:8)
  2 jellies
  Ijyb (D:1)
  5 centaur skeletons
  3 giant frog skeletons
  6 iguanas
  42 orc wizards
  22 sheep
  12 worker ants
  2 hound skeletons
  2 mummies
  3 worker ant zombies
  20 adders
  10 gnolls
  66 river rats
  6 shadow imps
  2 oozes
  An adder skeleton (D:4)
  2 worms (D:2)
  202 orcs
  12 bats
  A bat skeleton (D:6)
  A bat zombie (D:6)
  8 giant cockroaches
  22 hobgoblins
  7 jackals
  25 kobolds
  7 quokkas
  2 ball pythons
  5 giant geckos
  5 giant newts
  7 gnoll skeletons (Ossuary)
  20 goblins
  A jackal skeleton (D:8)
  6 kobold skeletons (Ossuary)
  12 orc skeletons (Ossuary)
  25 rats
  A fungus (Lair:8)
  2 plants
1125 creatures vanquished.

Vanquished Creatures (others)
  2 orcs
  A rat (D:6)
  A bush (Lair:8)
  52 fungi
  24 plants
80 creatures vanquished.

Grand Total: 1205 creatures vanquished

Notes
Turn   | Place    | Note
--------------------------------------------------------------
     0 | D:1      | Fizybubbleh the Draconian Conjurer began the quest for the Orb.
     0 | D:1      | Reached XP level 1. HP: 14/14 MP: 3/3
   360 | D:1      | Reached XP level 2. HP: 20/20 MP: 0/5
   577 | D:1      | You fall through a shaft!
   719 | D:2      | Noticed Ijyb
   797 | D:2      | Reached skill level 5 in Conjurations
   797 | D:2      | Reached XP level 3. HP: 9/26 MP: 0/6
   802 | D:2      | Learned a level 3 spell: Dazzling Spray
  1942 | D:2      | Found an opulent altar of Gozag.
  1948 | D:2      | Reached XP level 4. HP: 22/33 MP: 1/7
  2443 | D:1      | Killed Ijyb
  2443 | D:1      | Reached skill level 6 in Conjurations
  3408 | D:3      | Reached XP level 5. HP: 38/38 MP: 3/8
  3799 | D:4      | Noticed an ogre
  3983 | D:4      | Reached skill level 7 in Conjurations
  4519 | D:4      | Killed an ogre
  4519 | D:4      | Reached XP level 6. HP: 30/45 MP: 2/9
  4526 | D:4      | Learned a level 5 spell: Iskenderun's Battlesphere
  4725 | D:5      | Entered Level 5 of the Dungeon
  4799 | D:5      | Found a sacrificial altar of Ru.
  4818 | D:4      | Reached skill level 8 in Conjurations
  5361 | D:5      | Got a smoking iron amulet
  5622 | D:5      | Your scales start taking on a weird mottled colour.
  5622 | D:5      | Reached XP level 7. HP: 50/50 MP: 1/10
  6035 | D:5      | Found a burning altar of Makhleb.
  6039 | D:5      | Reached skill level 9 in Conjurations
  6905 | D:6      | Reached skill level 10 in Conjurations
  7043 | D:6      | Reached XP level 8. HP: 57/57 MP: 4/12
  7472 | D:6      | Learned a level 4 spell: Iskenderun's Mystic Blast
  7545 | D:6      | Found a staircase to the Ecumenical Temple.
  7554 | Temple   | Entered the Ecumenical Temple
  7565 | Temple   | Became a worshipper of Vehumet
  7632 | D:6      | Identified the amulet of the Lobster {Gourm Slay+6} (You found it on level 5 of the Dungeon)
  7751 | D:6      | Reached skill level 5 in Spellcasting
  7948 | D:7      | Found a glowing golden altar of the Shining One.
  7949 | D:7      | Found a shimmering altar of Xom.
  8021 | D:7      | Reached skill level 1 in Fighting
  8191 | D:7      | Found a sand-covered staircase.
  8294 | Ossuary  | Entered an ossuary
  8491 | Ossuary  | Reached XP level 9. HP: 22/72 MP: 6/18
  8643 | Ossuary  | Acquired Vehumet's first power
  8643 | Ossuary  | Offered knowledge of Sandblast by Vehumet.
  8924 | D:7      | Reached skill level 5 in Fighting
  9062 | D:7      | Noticed Prince Ribbit
  9072 | D:7      | Killed Prince Ribbit
  9258 | D:7      | Found Nepladuc's Distillery.
  9264 | D:7      | Bought a potion of ambrosia for 80 gold pieces
  9264 | D:7      | Bought a potion of agility for 40 gold pieces
  9264 | D:7      | Bought a potion of lignification for 30 gold pieces
  9264 | D:7      | Bought a potion of curing for 30 gold pieces
  9264 | D:7      | Bought a potion of curing for 30 gold pieces
  9436 | D:7      | Reached skill level 1 in Charms
  9707 | D:7      | Offered knowledge of Flame Tongue by Vehumet.
  9716 | D:7      | Learned a level 1 spell: Flame Tongue
 10053 | D:8      | Noticed Maurice
 10074 | D:8      | Reached skill level 5 in Charms
 10530 | D:8      | Noticed Erolcha
 10675 | D:8      | Reached XP level 10. HP: 80/86 MP: 3/19
 10833 | D:8      | Killed Maurice
 11031 | D:8      | Offered knowledge of Ignite Poison by Vehumet.
 11475 | D:8      | Noticed Pikel
 11491 | D:8      | Killed Pikel
 12272 | D:9      | Acquired Vehumet's second power
 12963 | D:9      | Reached skill level 5 in Dodging
 13115 | D:9      | Found a staircase to the Lair.
 13389 | D:10     | Entered Level 10 of the Dungeon
 13551 | D:10     | Offered knowledge of Inner Flame by Vehumet.
 14054 | D:10     | Reached skill level 11 in Conjurations
 14263 | D:10     | Reached XP level 11. HP: 18/92 MP: 12/20
 14688 | D:10     | Noticed a hill giant
 14704 | D:10     | Killed a hill giant
 14882 | D:10     | Noticed a hill giant
 14894 | D:10     | Killed a hill giant
 14894 | D:10     | Reached skill level 12 in Conjurations
 15108 | D:10     | Found a white marble altar of Elyvilon.
 15313 | D:10     | Gained mutation: You are agile. (Dex +2) [potion of mutation]
 15313 | D:10     | Gained mutation: You are occasionally teleported to nearby monsters. [potion of mutation]
 15313 | D:10     | Gained mutation: Potions and wands are less effective at restoring your health. [potion of mutation]
 15314 | D:10     | Lost mutation: You are occasionally teleported to nearby monsters. [potion of cure mutation]
 15314 | D:10     | Lost mutation: You are agile. (Dex +2) [potion of cure mutation]
 15314 | D:10     | Lost mutation: Potions and wands are less effective at restoring your health. [potion of cure mutation]
 15575 | D:10     | Acquired Vehumet's third power
 15743 | D:11     | Offered knowledge of Conjure Flame by Vehumet.
 15748 | D:11     | Learned a level 3 spell: Conjure Flame
 15835 | D:11     | Reached skill level 1 in Fire Magic
 16479 | D:11     | Found a roughly hewn altar of Beogh.
 16479 | D:11     | Found a staircase to the Orcish Mines.
 16508 | D:11     | Reached skill level 5 in Fire Magic
 17292 | D:12     | Offered knowledge of Bolt of Cold by Vehumet.
 17623 | D:12     | Reached skill level 5 in Stealth
 17886 | D:12     | Noticed an unseen horror
 17897 | D:12     | Killed an unseen horror
 18336 | D:12     | Reached XP level 12. HP: 93/100 MP: 3/21
 18865 | Lair:1   | Entered Level 1 of the Lair of Beasts
 18878 | Lair:1   | Reached skill level 13 in Conjurations
 19670 | D:9      | Noticed a centaur warrior
 19681 | D:9      | Killed a centaur warrior
 19963 | Lair:1   | Reached skill level 14 in Conjurations
 21367 | Lair:2   | You fall through a shaft for 2 floors!
 21581 | Lair:4   | Found a labyrinth entrance.
 21589 | Lab      | Entered a labyrinth
 21979 | Lab      | Noticed a minotaur
 21998 | Lab      | Killed a minotaur
 22030 | Lab      | Got an ivory battleaxe
 22031 | Lab      | Identified the cursed +1 battleaxe of the Purse {flame, +Fly} (You took it off a minotaur in a labyrinth)
 22113 | Lair:4   | Reached skill level 15 in Conjurations
 22929 | Lair:4   | Offered knowledge of Fireball by Vehumet.
 23888 | Lair:5   | Found a staircase to the Shoals.
 23900 | Lair:5   | Reached XP level 13. HP: 86/105 MP: 14/24
 25348 | Lair:6   | Learned a level 5 spell: Fireball
 25464 | Lair:6   | Offered knowledge of Irradiate by Vehumet.
 25740 | Lair:6   | Reached skill level 10 in Spellcasting
 26509 | Lair:6   | Found a staircase to the Slime Pits.
 28529 | Lair:8   | Entered Level 8 of the Lair of Beasts
 29356 | Lair:8   | Noticed Snorg
 29683 | Lair:8   | Reached skill level 10 in Fighting
 29723 | Lair:8   | Reached XP level 14. HP: 121/121 MP: 7/29
 31639 | Lair:8   | Killed Snorg
 31639 | Lair:8   | Reached skill level 16 in Conjurations
 32486 | Lair:8   | Got an iridescent great sword
 32491 | Lair:8   | Identified the +9 great sword of Dujirr {venom, rPois Int+4} (You found it on level 8 of the Lair of Beasts)
 33819 | Lair:3   | Found a staircase to the Snake Pit.
 34373 | D:13     | Noticed Rupert
 34403 | D:13     | Noticed Maud
 34411 | D:13     | Killed Maud
 34413 | D:13     | Noticed Josephine
 34428 | D:13     | Killed Josephine
 34843 | D:13     | Reached skill level 17 in Conjurations
 35596 | D:13     | Noticed a centaur warrior
 35697 | D:13     | Offered knowledge of Iron Shot by Vehumet.
 35836 | D:13     | Learned a level 6 spell: Iron Shot
 35973 | D:13     | Killed a centaur warrior
 35973 | D:13     | Reached skill level 1 in Earth Magic
 36157 | D:13     | Killed Rupert
 36520 | D:14     | Found a gate to the Vaults.
 36520 | D:14     | Noticed Donald
 36520 | D:14     | Noticed Frances
 36578 | Orc:1    | Entered Level 1 of the Orcish Mines
 37563 | Orc:1    | Found a roughly hewn altar of Beogh.
 38931 | Orc:3    | Found a staircase to the Elven Halls.
 39105 | Orc:3    | Noticed Harold
 39264 | Orc:3    | Killed Harold
 39264 | Orc:3    | Reached XP level 15. HP: 128/128 MP: 14/30
 39440 | Orc:4    | Entered Level 4 of the Orcish Mines
 39676 | Orc:4    | Found a burning altar of Makhleb.
 40094 | Orc:4    | Found a roughly hewn altar of Beogh.
 40586 | Orc:4    | Offered knowledge of Poison Arrow by Vehumet.
 40602 | Orc:4    | Learned a level 6 spell: Poison Arrow
 42399 | Orc:4    | Found Houwiat's Antique Armour Emporium.
 42400 | Orc:4    | Found Zizu's Antique Weapon Shoppe.
 42401 | Orc:4    | Found Gucegg's General Store.
 42401 | Orc:4    | Found Ficut's Jewellery Emporium.
 42415 | Orc:4    | Bought a pair of runed boots for 180 gold pieces
 42415 | Orc:4    | Bought a pair of pitted gloves for 380 gold pieces
 42425 | Orc:4    | Identified a +1 pair of boots of running (You bought it in a shop on level 4 of the Orcish Mines)
 42435 | Orc:4    | Identified the cursed +0 pair of gloves "Adawo" {*Confuse rC++ SInv} (You bought it in a shop on level 4 of the Orcish Mines)
 42448 | Orc:4    | Bought the ring "Neareweu" {Fire *Contam +Blink MR+ Str+8} for 837 gold pieces
 42448 | Orc:4    | Bought the amulet "Untiobuq" {Clar MR+ Dex+4} for 615 gold pieces
 42459 | Orc:4    | Bought an uncursed ring of wizardry for 450 gold pieces
 43448 | D:14     | Cast into the Abyss (Frances)
 43544 | Abyss:2  | Found a corrupted altar of Lugonu.
 43597 | Abyss:2  | Found a corrupted altar of Lugonu.
 43668 | Abyss:3  | Found a corrupted altar of Lugonu.
 43935 | Abyss:4  | Noticed a tentacled starspawn
 43955 | Abyss:4  | Noticed a tentacled starspawn
 44341 | Abyss:4  | Noticed an Executioner
 44344 | Abyss:4  | Gained mutation: Your tail ends in a poisonous barb. [potion of beneficial mutation]
 44344 | Abyss:4  | Slain by an Executioner

Vault maps used:
D:1:      dpeg_arrival_ratfight
D:2:      lemuel_doored_altar, first_bread, uniq_iyjb
D:5:      overflow_temple_1_default, makhleb_grotto_becter,
          minmay_misc_feat_doors, solitary_fountain
D:6:      lemuel_temple_firewalk_marked
D:7:      grunt_temple_overflow_open, gup_ossuary_entry_pyramid, serial_shops,
          nicolae_shop_trees, hangedman_decor_lopped, uniq_prince_ribbit1
D:8:      uniq_pikel, uniq_erolcha, uniq_maurice
D:9:      lair_0_dummy
D:10:     minivault_23, elyvilon_altar_5
D:11:     david_orc_5, nrook_mini_backslash
D:12:     david_nohive_1
D:13:     grunt_decor_one_mirror, kennysheep_boxes, uniq_maud, uniq_josephine,
          uniq_rupert
D:14:     david_vaults_3, lemuel_tele_altar,
          portal_ice_cave_entry_horrid_things, guppyfry_shop_venom, uniq_frances
Temple:   water_room_temple_a_12
Lair:1:   cheibrodos_lair_reptile_den
Lair:3:   dummy_snake_entry
Lair:4:   lab_entry_generic, special_room, minmay_holes, serial_bayou_pond_b,
          guppyfry_lair_drakes, infiniplex_staircase_pool
Lair:5:   minmay_shoals_entry_centaurs, beast_lair_carwin_7
Lair:6:   dpeg_slime_entry_corner
Lair:7:   grunt_forest_stairs_clearing
Lair:8:   minmay_lair_end_frog_pond, uniq_snorg
Orc:1:    mines1_david
Orc:3:    nicolae_orc_pool_cavern, uniq_harold
Orc:4:    st_orc_congregation, basic_altar, minmay_orc_temple_c
Abyss:1:  evilmike_abyss_exit_13
Abyss:3:  evilmike_abyss_exit_kraken, bh_abyss_xom_lugonu_altar
Abyss:4:  bh_abyss_exit_choice, minivault_11, due_abyss_rune,
          eino_small_chamber_without_monster
Lab:      labyrinth_spiral, nicolae_lab_lava, labyrinth_skeletal_remains
Ossuary:  ossuary_due_mausoleum

Action                   |  1- 3 |  4- 6 |  7- 9 | 10-12 | 13-15 || total
-------------------------+-------+-------+-------+-------+-------++-------
Melee: Unarmed           |    11 |       |       |       |       ||    11
       Short sword       |    13 |    45 |    53 |       |       ||   111
       Rapier            |       |       |    73 |   118 |       ||   191
       Battleaxe         |       |       |       |     5 |    14 ||    19
       Great sword       |       |       |       |       |   282 ||   282
 Fire: Blowgun           |       |       |       |     5 |       ||     5
 Cast: Magic Dart        |    98 |   173 |   345 |   822 |   773 ||  2211
       Iskenderun's Myst |       |       |     8 |     7 |    92 ||   107
       Dazzling Spray    |       |       |     4 |     4 |     1 ||     9
       Iskenderun's Batt |       |       |     1 |   108 |   131 ||   240
       Flame Tongue      |       |       |       |    63 |    27 ||    90
       Conjure Flame     |       |       |       |    14 |     3 ||    17
       Fireball          |       |       |       |       |    58 ||    58
       Iron Shot         |       |       |       |       |   104 ||   104
       Poison Arrow      |       |       |       |       |    23 ||    23
 Abil: Breathe Sticky Fl |       |       |    24 |    38 |    22 ||    84
Evoke: Wand              |       |    12 |       |     1 |    18 ||    31
  Use: Scroll            |       |     9 |     6 |    16 |    20 ||    51
       Potion            |       |     1 |     5 |     3 |    16 ||    25
 Stab: Sleeping          |       |       |     1 |     1 |     1 ||     3
  Eat: Chunk             |     5 |     7 |    22 |    78 |   130 ||   242
       Meat ration       |       |     1 |       |     1 |       ||     2
       Beef jerky        |       |     1 |     2 |     1 |     1 ||     5
       Bread ration      |       |       |     1 |       |     1 ||     2
       Pizza             |       |       |     1 |       |     2 ||     3
       Fruit             |       |       |       |       |     3 ||     3
